 Dungeon Crawl Stone Soup version 0.32-a0-712-g515539a (webtiles) character file.

Game seed: 4484773292564975069

1045 PidgeyThePirate the Skirmisher (level 8, -5/60 HPs)
             Began as a Coglin Hunter on Mar 15, 2024.
             Was a Follower of Okawaru.
             Slain by Duvessa
             ... wielding a +0 rapier
              (11 damage)
             ... on level 6 of the Dungeon.
             The game lasted 00:09:07 (4720 turns).

PidgeyThePirate the Skirmisher (Coglin Hunter)      Turns: 4720, Time: 00:09:07

Health: -5/60      AC:  9    Str: 13    XL:     8   Next: 25%
Magic:  8/8        EV: 10    Int:  9    God:    Okawaru [*.....]
Gold:   442        SH:  0    Dex: 18    Spells: 7/7 levels left

rFire   . . .        a - +2 sling {Caesarion}
rCold   . . .        d - +0 sling {Haoran}
rNeg    . . .        h - +3 ring mail
rPois   .            (no helmet)
rElec   .            (no cloak)
rCorr   .            (no gloves)
SInv    .            i - +0 pair of boots
Will    +....        (amulet unavailable)
Stlth   +            (ring unavailable)
HPRegen 0.30/turn    (ring unavailable)
MPRegen 0.11/turn    (no gizmo)

%: no passive effects
@: enlightened, flying, hasted, revved, very quick
A: off-hand wielding, slow wielding, warmup strikes, no jewellery
a: Invent Gizmo, Renounce Religion, Heroism


You were on level 6 of the Dungeon.
You worshipped Okawaru.
Okawaru was aware of your devotion.
You visited 2 branches of the dungeon, and saw 7 of its levels.

You collected 442 gold pieces.

Inventory:

Hand Weapons
 a - a +2 sling (weapon) {Caesarion}
 d - a +0 sling (offhand) {Haoran}
Armour
 c - a +0 leather armour
 h - a +3 ring mail (worn)
 i - a +0 pair of boots (worn)
Wands
 v - a wand of digging (3)
Scrolls
 b - a scroll of butterflies
 f - 2 scrolls of vulnerability
 j - 2 scrolls of poison {unknown}
 l - 2 scrolls of amnesia {unknown}
 n - 4 scrolls of identify
 o - a scroll of blinking {unknown}
 p - a scroll of enchant weapon {unknown}
 r - a scroll of noise {unknown}
 s - a scroll of enchant armour {unknown}
 w - a scroll of brand weapon {unknown}
Potions
 k - a potion of invisibility {unknown}
 m - a potion of attraction
 t - a potion of cancellation {unknown}
 u - a potion of brilliance {unknown}
 x - a potion of mutation {unknown}
 z - 2 potions of enlightenment
 A - a potion of ambrosia {unknown}
 B - a potion of might {unknown}


   Skills:
 + Level 4.0 Fighting
 + Level 8.4 Ranged Weapons
 + Level 1.4 Armour
 + Level 2.1 Dodging
 + Level 1.0 Stealth


You had 7 spell levels left.
You didn't know any spells.
Your spell library contained the following spells:

 Spells                   Type           Power      Damage    Failure   Level
 Slow                     Hex            0%         N/A       65%         1
 Confusing Touch          Hex            0%         N/A       95%         3
 Vampiric Draining        Necr           0%         2d6       95%         3


Dungeon Overview and Level Annotations

Branches:
Dungeon (6/15)             Temple (1/1) D:4

Altars:
Elyvilon
Gozag
Hepliaklqana
Kikubaaqudgha
Makhleb
Nemelex Xobeh
Okawaru
Sif Muna
Trog
Wu Jian
Xom
Yredelemnul
The Shining One

Annotations:
D:6 Duvessa, Edmund


Innate Abilities, Weirdness & Mutations

You can wield a second weapon in your off-hand.
It takes a long time for you to wield or remove held weapons.
Your first few attacks do less damage.
You cannot equip rings or amulets.


Message History

You shoot a sling bullet. The sling bullet hits Duvessa.
Duvessa is lightly wounded.
You shoot a sling bullet. The sling bullet hits Duvessa.
Duvessa is lightly wounded.
Duvessa hits you with a +0 rapier. Duvessa hits you with a +0 rapier!
Okay, then.
You feel much better. Duvessa closely misses you.
Duvessa completely misses you.
You shoot a sling bullet.
The sling bullet completely misses Duvessa.
You shoot a sling bullet.
The sling bullet hits Duvessa but does no damage.
Duvessa is lightly wounded.
Duvessa hits you with a +0 rapier!
You shoot a sling bullet. The sling bullet barely misses Duvessa.
You shoot a sling bullet.
The sling bullet closely misses Duvessa.
Duvessa barely misses you. Duvessa closely misses you.
You shoot a sling bullet. The sling bullet barely misses Duvessa.
You shoot a sling bullet. The sling bullet hits Duvessa.
Duvessa is lightly wounded.
Duvessa hits you with a +0 rapier.
You shoot a sling bullet.
The sling bullet hits Duvessa but does no damage.
Duvessa is lightly wounded.
You shoot a sling bullet.
The sling bullet hits Duvessa but does no damage.
Duvessa is lightly wounded.
Duvessa hits you with a +0 rapier! Duvessa hits you but does no damage.
You shoot a sling bullet. The sling bullet hits Duvessa.
Duvessa is lightly wounded.
You shoot a sling bullet. The sling bullet hits Duvessa.
Duvessa is moderately wounded.
Duvessa hits you with a +0 rapier!
* * * LOW HITPOINT WARNING * * *
It was a potion of haste.
You feel yourself speed up. Duvessa hits you with a +0 rapier!
* * * LOW HITPOINT WARNING * * *
Duvessa hits you with a +0 rapier!
You die...

######.... .. #....#
##... ... #....#
######... ....#....#
.........
....#)...######.........
................. .....
................# ##..
................# ##.
.......@........# ##
?.....e.........########
..........).............
...####.####............
.. #.. #......)..... .
#.. ##............ #..
#.............
#..###............
#.............


You could see Duvessa (berserk).

Vanquished Creatures
  Prince Ribbit (D:6)
  A centaur (D:6)
  A phantom (D:5)
  A scorpion (D:5)
  Dowan (D:6)
  A bombardier beetle (D:5)
  2 orc priests (D:5)
  4 jellies
  A hound (D:4)
  An iguana (D:5)
  A sleepcap (D:5)
  4 orc wizards
  4 gnolls (D:6)
  5 adders
  2 dart slugs
  4 ribbon worms
  22 orcs
  3 ball pythons
  6 bats
  8 endoplasms
  A giant cockroach (D:2)
  5 goblins
  5 hobgoblins
  4 jackals (D:4)
  3 quokkas
  6 kobolds
  5 rats
102 creatures vanquished.

Notes
Turn   | Place    | Note
-------+----------+-------------------------------------------
     0 | D:1      | PidgeyThePirate the Coglin Hunter began the quest for the
                  | Orb.
     0 | D:1      | Reached XP level 1. HP: 16/16 MP: 1/1
    51 | D:1      | Reached skill level 4 in Ranged Weapons
    51 | D:1      | Reached XP level 2. HP: 22/22 MP: 2/2
   668 | D:2      | Reached XP level 3. HP: 27/27 MP: 3/3
   794 | D:2      | Reached XP level 4. HP: 33/33 MP: 4/4
  1427 | D:3      | Reached skill level 5 in Ranged Weapons
  1769 | D:3      | Found a shimmering altar of Xom.
  1769 | D:3      | Found an ancient bone altar of Kikubaaqudgha.
  1842 | D:3      | Reached XP level 5. HP: 33/38 MP: 5/5
  1944 | D:3      | Found a faded altar of an unknown god.
  2352 | D:4      | Noticed an orc warrior
  2976 | D:4      | Reached skill level 6 in Ranged Weapons
  2976 | D:4      | Reached XP level 6. HP: 46/46 MP: 6/6
  3007 | D:4      | Found a staircase to the Ecumenical Temple.
  3093 | Temple   | Entered the Ecumenical Temple
  3104 | Temple   | Became a worshipper of Warmaster Okawaru
  3223 | D:5      | Entered Level 5 of the Dungeon
  3335 | D:5      | Reached skill level 1 in Stealth
  3430 | D:5      | Reached XP level 7. HP: 44/52 MP: 7/7
  3451 | D:5      | Reached skill level 7 in Ranged Weapons
  3914 | D:5      | Reached * piety under Okawaru
  3915 | D:5      | Reached skill level 1 in Armour
  4593 | D:6      | Noticed Dowan
  4599 | D:6      | Killed Dowan
  4600 | D:6      | Reached skill level 8 in Ranged Weapons
  4600 | D:6      | Reached XP level 8. HP: 60/60 MP: 8/8
  4674 | D:6      | Noticed Prince Ribbit
  4686 | D:6      | Killed Prince Ribbit
  4700 | D:6      | Noticed Edmund
  4712 | D:6      | Noticed Duvessa
  4720 | D:6      | Slain by Duvessa

Illustrated notes

Levels and vault maps discovered:
D:1:      scummos_arrival_forest, layout_basic, minmay_tetromino_o4
D:2:      layout_basic, minmay_distorted
D:3:      layout_basic, amethyst_overflow_temple_binary,
          dreamdust_ecumenical_altar_statues, hangedman_feature_mirror
D:4:      layout_loops_corners, minmay_temple_entry_fiery,
          hangedman_decor_growths
D:5:      layout_basic, chequers_hall_statues_wall_a
D:6:      layout_basic, kennysheep_mini, minivault_22,
          nicolae_figureground_sparkle, uniq_blork_the_orc, uniq_prince_ribbit1,
          uniq_duvessa, uniq_edmund
Temple:   nicolae_temple_bog_church

Skill      XL: |  1  2  3  4  5  6  7  8 |
---------------+-------------------------+-----
Ranged Weapons | 4 5 6 8 |  8.4
Dodging        | 2 |  2.1
Fighting       | 3 4 |  4.0
Stealth        | 1 |  1.0
Armour         | 1 |  1.4

Action                     |  1- 3 |  4- 6 |  7- 9 || total
---------------------------+-------+-------+-------++-------
   Fire: Sling             |   118 |   324 |   224 ||   666
    Use: Potion            |       |     4 |     4 ||     8
         Scroll            |       |     2 |     1 ||     3
 Armour: Leather armour    |     1 |       |       ||     1
         Ring mail         |    21 |    72 |    45 ||   138
  Dodge: Dodged            |    16 |    39 |    27 ||    82

Table legend: (Time is in decaauts)
 A = Elapsed time spent in this place.
 B = Non-inter-level travel time spent in this place.
 C = Inter-level travel time spent in this place.
 D = Time resting spent in this place.
 E = Time spent auto-exploring this place.
 F = Levels seen in this place.
 G = Mean time per level.
                   A        B        C        D        E       F      G
               +--------+--------+--------+--------+--------+-----+--------+
         Total |   4791 |   4564 |    227 |      0 |   3772 |   7 |  684.4 |
       Dungeon |   4769 |   4560 |    209 |      0 |   3772 |   6 |  794.8 |
        Temple |     21 |      3 |     18 |      0 |      0 |   1 |   21.0 |
               +--------+--------+--------+--------+--------+-----+--------+

Top non-repeatable levels by time:
     D:5: 1186 daAuts
     D:4: 1058 daAuts
     D:2: 786 daAuts
     D:3: 772 daAuts
     D:1: 633 daAuts
     D:6: 332 daAuts
  Temple: 21 daAuts
